Map: Kairos Junction LE

Players

GundamHeero - Winner!

  • Race: Protoss Protoss
  • League: Gold
  • Spawn Location: 5:00

Parkkatz

  • Race: Zerg Zerg
  • League: Platinum
  • Spawn Location: 11:00

VOD

Have the link to the VOD?

Description

Time

  • Played on: July 4, 2019, 5:23 p.m.
  • Length: 10:37
Show
View Real Time Build Order
Export as new Build Order

GundamHeero Protoss - Winner!

Build Orders: 1 Gate Expand 

Get SALT Encoding   

  12  0:00  Probe  
  13  0:12  Probe  
  14  0:18  Pylon  
  14  0:25  Probe  
  15  0:37  Probe  
  16  0:42  Gateway  
  16  0:47  Assimilator  
  16  0:49  Probe  
  17  1:01  Probe  
  18  1:10  Probe  
  18  1:18  Probe  
  20  1:31  Cybernetics Core  
  20  1:39  Probe  
  21  1:44  Nexus  
  21  1:54  Pylon  
  21  2:02  Assimilator  
  21  2:03  Probe  
  21  2:05  Adept  
  22  2:11  Probe  
  22  2:13  Warp Gate  
  25  2:22  Probe  
  25  2:24  Gateway  
  26  2:37  Adept  
  28  2:45  Forge  
  28  2:53  Probe  
  28  2:54  Probe  
  30  3:02  Probe  
  30  3:05  Probe  
  31  3:11  Probe  
  32  3:13  Stalker x2  
  32  3:17  Probe  
  38  3:24  Robotics Facility  
  38  3:30  Probe  
  38  3:31  Probe  
  40  3:41  Protoss Ground Weapons Level 1  
  40  3:42  Probe  
  40  3:43  Probe  
  40  4:01  Shield Battery  
  40  4:03  Photon Cannon  
  40  4:04  Probe  
  40  4:05  Probe  
  42  4:10  Stalker x2  
  46  4:18  Pylon  
  46  4:19  Pylon  
  46  4:22  Assimilator  
  46  4:24  Assimilator  
  46  4:35  Probe x2  
  46  4:37  Observer  
  49  4:39  Zealot x2  
  49  4:43  Probe x2  
  53  4:51  Probe x2  
  57  5:01  Pylon  
  57  5:03  Gateway, Probe x2  
  57  5:06  Gateway  
  59  5:09  Gateway  
  59  5:13  Gateway  
  59  5:20  Gateway  
  59  5:21  Immortal  
  59  5:28  Protoss Ground Armor Level 1  
  63  5:30  Stalker x2  
  63  5:34  Pylon  
  67  6:00  Stalker x4  
  67  6:01  Warp Prism  
  77  6:17  Pylon  
  77  6:18  Pylon  
  77  6:20  Pylon  
  77  6:27  Twilight Council  
  77  6:33  Immortal  
  77  6:36  Sentry x3  
  77  6:37  Sentry x2  
  77  6:39  Zealot x2  
  85  7:25  Stalker x5  
  85  7:26  Stalker  
  81  7:41  Immortal  
  81  7:43  Stalker  
  87  7:51  Stalker x4  
  87  7:52  Stalker x2  
  93  8:11  Immortal  
  91  8:24  Stalker x3  
  100  9:07  Stalker  
  102  9:12  Pylon  
  102  9:13  Pylon  
  102  9:18  Pylon  
  102  9:21  Pylon  
  102  9:22  Pylon  
  90  9:31  Stalker x5  
  76  9:32  Stalker x2  
  70  9:56  Stalker x7  
  84  10:22  Stalker x4  
  84  10:23  Stalker x2  
Show
View Real Time Build Order
Export as new Build Order

Parkkatz Zerg 

Build Orders: Hatch First, Roach Hydra 

Get SALT Encoding   

  12  0:01  Drone  
  13  0:16  Overlord  
  13  0:17  Drone  
  14  0:34  Drone  
  14  0:35  Drone  
  16  0:42  Drone  
  17  0:50  Drone  
  18  1:00  Hatchery  
  18  1:01  Drone  
  18  1:04  Extractor  
  17  1:15  Spawning Pool  
  17  1:17  Drone  
  17  1:27  Drone  
  18  1:36  Drone  
  19  1:42  Overlord  
  19  2:09  Drone x2, Queen  
  19  2:12  Queen  
  19  2:13  Zergling x2  
  26  2:17  Metabolic Boost  
  26  2:20  Drone  
  27  2:24  Drone  
  28  2:37  Drone x3  
  31  2:44  Overlord  
  31  2:48  Queen  
  33  2:53  Drone  
  34  3:00  Drone x2  
  34  3:05  Hatchery  
  35  3:10  Zergling x4  
  37  3:27  Drone x3  
  37  3:28  Drone x3  
  37  3:31  Extractor  
  37  3:32  Extractor  
  41  3:36  Drone x3, Roach Warren  
  41  3:49  Drone  
  41  3:50  Drone  
  41  3:51  Drone  
  41  3:53  Overlord x2  
  43  4:09  Lair  
  43  4:11  Drone, Queen  
  43  4:13  Drone  
  43  4:16  Roach  
  51  4:17  Roach  
  51  4:18  Roach  
  51  4:21  Overlord  
  51  4:22  Overlord  
  53  4:27  Drone x2  
  53  4:29  Roach  
  57  4:34  Evolution Chamber  
  57  4:35  Queen  
  58  4:43  Drone x5  
  58  4:44  Drone x4  
  67  4:53  Queen  
  67  4:55  Spore Crawler  
  67  4:57  Spore Crawler  
  67  4:58  Drone x2  
  69  5:02  Zerg Missile Weapons Level 1  
  69  5:03  Drone x2  
  71  5:07  Overlord  
  71  5:16  Drone x3  
  71  5:18  Overlord  
  71  5:19  Overlord  
  74  5:26  Glial Reconstitution  
  74  5:27  Roach  
  74  5:28  Roach x3  
  82  5:37  Hydralisk Den  
  82  5:39  Evolution Chamber  
  80  5:43  Roach  
  80  5:44  Roach x5  
  92  5:53  Drone x3, Overlord x2, Extractor  
  92  5:54  Extractor  
  92  5:55  Drone  
  92  5:56  Drone  
  95  5:59  Ravager  
  95  6:00  Ravager  
  97  6:10  Overlord x2  
  97  6:12  Roach  
  97  6:14  Roach  
  97  6:16  Roach  
  103  6:22  Hatchery  
  102  6:26  Muscular Augments  
  102  6:29  Roach  
  102  6:30  Roach x4  
  102  6:32  Roach  
  114  6:34  Roach  
  114  6:36  Overlord x2  
  114  6:38  Drone  
  114  6:39  Drone  
  118  6:40  Drone  
  118  6:41  Drone  
  118  6:46  Drone x2  
  122  6:49  Spore Crawler  
  121  7:00  Zerg Ground Armor Level 1  
  121  7:09  Drone x4  
  121  7:10  Overlord x2  
  109  7:24  Hydralisk  
  109  7:25  Hydralisk x8  
  109  7:30  Spore Crawler  
  109  7:32  Drone  
  109  7:33  Drone x4  
  109  7:34  Queen  
  99  7:40  Hydralisk x3  
  105  7:46  Grooved Spines  
  105  7:48  Extractor  
  104  7:53  Hydralisk x3  
  110  8:03  Hydralisk  
  110  8:04  Hydralisk x2  
  104  8:12  Roach  
  94  8:13  Roach x3  
  94  8:15  Roach  
  94  8:16  Roach  
  94  8:18  Roach  
  94  8:20  Roach  
  94  8:26  Roach x3  
  91  8:35  Roach  
  91  8:36  Roach x3  
  91  8:40  Roach  
  98  8:41  Roach  
  98  8:44  Roach  
  98  8:47  Roach  
  103  8:48  Zergling x4  
  103  8:49  Zergling x8  
  107  8:57  Spore Crawler, Extractor  
  107  8:58  Extractor  
  107  9:01  Roach  
  107  9:02  Hydralisk, Roach x2  
  100  9:27  Roach  
  100  9:28  Roach x7  
  100  9:33  Drone x3  
  100  9:36  Roach x3  
  95  9:44  Roach x2  
  86  9:54  Roach  
  86  9:55  Roach x2  
  86  9:56  Roach  
  86  9:57  Roach  
  84  10:00  Roach  
  84  10:02  Roach  
  84  10:05  Roach, Zergling x2  
  84  10:06  Zergling x12  
Tags
 
Add a new tag
Caveats
  • Supply blocks, unpowered buildings, or Contaminate may cause inaccurate times.
  • Supply counts are checked every 10 seconds.